Map: Ulrena

Players

MorN

  • Race: Terran Terran
  • League: Master

Arcanumus - Winner!

  • Race: Terran Terran
  • League: Master

VOD

Have the link to the VOD?

Description

Time

  • Played on: Nov. 17, 2015, 6:46 p.m.
  • Length: 4:26
Show
View Real Time Build Order
Export as new Build Order

MorN Terran 

Build Orders:  

Get SALT Encoding   

  12  0:00  SCV  
  13  0:12  SCV  
  14  0:17  Supply Depot  
  14  0:24  SCV  
  14  0:28  Refinery  
  15  0:39  SCV  
  16  0:45  Barracks  
  16  0:51  SCV  
  17  1:03  SCV  
  18  1:15  SCV  
  19  1:31  Orbital Command  
  19  1:32  Marine  
  20  1:44  Command Center  
  21  1:55  Factory  
  21  1:59  Marine  
  21  2:02  SCV  
  22  2:14  Supply Depot  
  21  2:17  SCV, Marine  
  23  2:29  Refinery  
  23  2:35  Marine  
  24  2:40  SCV  
  24  2:42  Starport  
  24  2:51  Factory Tech Lab  
  24  2:52  SCV  
  24  2:57  Marine  
  23  3:10  Siege Tank  
  22  3:20  Marine  
  18  3:33  SCV  
  15  3:34  Orbital Command  
  15  3:38  Marine  
  10  3:54  SCV  
  10  4:06  SCV  
  11  4:13  SCV  
Show
View Real Time Build Order
Export as new Build Order

Arcanumus Terran - Winner!

Build Orders:  

Get SALT Encoding   

  12  0:01  SCV  
  13  0:13  SCV  
  14  0:17  Supply Depot  
  14  0:26  SCV  
  15  0:41  SCV  
  16  0:43  Barracks  
  16  0:47  Refinery  
  16  0:55  SCV  
  17  1:04  Barracks  
  17  1:08  SCV  
  18  1:24  Barracks  
  18  1:29  SCV  
  18  1:32  Reaper  
  20  1:40  Refinery  
  20  1:50  Reaper  
  20  1:53  Supply Depot  
  21  2:00  SCV  
  22  2:08  Reaper  
  23  2:15  Reaper  
  24  2:23  Orbital Command  
  24  2:33  Reaper  
  24  2:42  Reaper  
  25  2:52  Reaper  
  27  3:05  Reaper  
  27  3:10  SCV  
  28  3:14  Reaper  
  28  3:24  Reaper  
  28  3:37  Reaper  
  29  3:46  Reaper  
  28  3:59  Command Center  
  28  4:12  SCV  
Tags
 
Matchup
TvT
Race
Terran
Replay Pack
MorN pack 2
Add a new tag
Caveats
  • Supply blocks, unpowered buildings, or Contaminate may cause inaccurate times.
  • Supply counts are checked every 10 seconds.